 Dungeon Crawl Stone Soup version 0.20-a0-77-g476458c (webtiles) character file.

578 KristoblXynda the Chopper (level 7, -4/60 HPs)
             Began as a Mottled Draconian Skald on Nov 19, 2016.
             Was an Initiate of Ashenzari.
             Slain by an orc
             ... wielding a +0 flail
              (7 damage)
             ... on level 5 of the Dungeon.
             The game lasted 00:08:48 (5351 turns).

KristoblXynda the Chopper (Mottled Draconian Skald) Turns: 5351, Time: 00:08:49

Health: -4/60      AC:  7    Str: 14    XL:     7   Next: 13%
Magic:  10/10      EV: 12    Int: 14    God:    Ashenzari [......]
Gold:   133        SH:  0    Dex: 14    Spells: 1 memorised, 9 levels left

rFire  + . .     SeeInvis .     s - +0 war axe
rCold  . . .     Gourm    .     (armour unavailable)
rNeg   + . .     Faith    .     (no shield)
rPois  .         Spirit   .     (helmet restricted)
rElec  .         Reflect  .     (no cloak)
rCorr  .         Harm     .     e - +0 pair of gloves (curse)
MR     .....                    (no boots)
Stlth  +.........               (no amulet)
                                o - ring of positive energy (curse)
                                y - +3 ring of dexterity

@: very slightly contaminated, hasted, very quick
A: breathe sticky flame splash, unfitting armour, fire resistance 1, robust 1,
evolution 1, cold-blooded, AC +6
a: Breathe Sticky Flame, Curse Item, Renounce Religion


You were on level 5 of the Dungeon.
You worshipped Ashenzari.
Ashenzari was noncommittal.
You were not hungry.

You visited 1 branch of the dungeon, and saw 5 of its levels.

You collected 133 gold pieces.

Inventory:

Hand Weapons
 s - a +0 war axe (weapon)
 v - a +2 short sword of draining
Missiles
 l - 2 throwing nets (quivered)
Armour
 e - a cursed +0 pair of gloves (worn)
 q - a +0 buckler
Jewellery
 h - a +2 ring of protection
 o - a cursed ring of positive energy (right hand)
 y - a +3 ring of dexterity (left hand)
Wands
 w - a wand of flame (25/48)
Scrolls
 d - 2 scrolls of magic mapping
 g - a scroll of blinking {unknown}
 i - 2 scrolls of fear {unknown}
 j - a scroll of enchant armour {unknown}
 k - a scroll of remove curse
 m - a scroll of amnesia {unknown}
 p - a scroll of identify
 x - a scroll of noise {unknown}
 A - 2 scrolls of recharging
Potions
 n - 2 potions of might
 r - a potion of brilliance {unknown}
 t - a potion of flight
 z - a potion of ambrosia {unknown}
Books
 b - a book of Battle

   Spells                             Type                      Level
   a - Infusion                       Charms                       1
   b - Shroud of Golubria             Charms/Translocation         2
   c - Song of Slaying                Charms                       2
   d - Spectral Weapon                Hexes/Charms                 3
   e - Regeneration                   Charms/Necromancy            3
Comestibles
 c - 3 bread rations
 f - a fruit
 C - a beef jerky
 D - 3 chunks of flesh


   Skills:
 - Level 2.1 Fighting
 + Level 5.0 Axes
 - Level 2.0 Dodging
 + Level 3.8 Shields
 - Level 2.0 Spellcasting
 + Level 4.6 Charms


You had 9 spell levels left.
You knew the following spells:

 Your Spells              Type           Power        Failure   Level  Hunger
a - Infusion              Chrm           ##..         3%          1    ##.....


Dungeon Overview and Level Annotations

Branches:
Dungeon (5/15)
 Temple: D:4-7

Altars:
Ashenzari
Cheibriados
Dithmenos
Kikubaaqudgha
Okawaru
Xom
The Shining One


Innate Abilities, Weirdness & Mutations

You can spit globs of burning liquid.
You can ignite nearby creatures when you spit burning liquid.
Your weird mottled scales are hard. (AC +6)
You cannot fit into any form of body armour.
You are cold-blooded and may be slowed by cold attacks.
Your flesh is heat resistant. (rF+)
You are robust. (+10% HP)
You evolve.


Message History

You slash the orc!
You kill the orc!
Okay, then.
It was a potion of haste.
You feel yourself speed up.
You are very lightly contaminated with residual magic.
It was a potion of mutation.
You feel extremely strange.
You feel resistant to heat.
You feel robust.
You feel nature experimenting on you.
Don't worry, failures die fast.
Unknown command.
You closely miss the orc. You barely miss the orc. You hit the orc.
The orc is severely wounded.
You barely miss the orc. The orc hits you with a flail.
* * * LOW HITPOINT WARNING * * *
The orc barely misses you.
You hit the orc.
You kill the orc!
You closely miss the orc. The orc closely misses you.
You closely miss the orc. The orc hits you with a flail!
You die...

.....# #.#
......# #.#
.#..#.# #o#
#...... o..
#.... #.. #
..
...##########
#?..........#
#.....o.....#
#.....)@....#
#...........#
..##....#####
#....# #....#
#....# #....#
#....#


You could see an orc priest (wandering) and an orc.

Vanquished Creatures
  2 ogres (D:5)
  A scorpion (D:4)
  A hound (D:4)
  An orc priest (D:4)
  A bullfrog skeleton (D:4)
  2 orc wizards (D:4)
  A worker ant (D:4)
  3 gnolls (D:3)
  5 adders
  A worm (D:4)
  2 dart slugs
  A leopard gecko (D:1)
  18 orcs
  4 ball pythons
  4 bat zombies (D:2)
  3 giant cockroaches
  4 goblins
  12 hobgoblins
  7 jackals
  A quokka (D:2)
  10 bats
  5 frilled lizards
  10 kobolds
  8 rats
  3 rat zombies (D:2)
110 creatures vanquished.

Notes
Turn   | Place    | Note
-------+----------+-------------------------------------------
     0 | D:1      | KristoblXynda the Draconian Skald began the quest for the Orb.
     0 | D:1      | Reached XP level 1. HP: 17/17 MP: 3/3
   501 | D:1      | Reached XP level 2. HP: 17/24 MP: 5/5
   912 | D:2      | Reached skill level 3 in Axes
   995 | D:2      | Reached XP level 3. HP: 23/29 MP: 6/6
  1148 | D:2      | Found an ancient bone altar of Kikubaaqudgha.
  1377 | D:2      | Reached skill level 1 in Shields
  1377 | D:2      | Reached XP level 4. HP: 12/36 MP: 7/7
  2345 | D:3      | Found a shadowy altar of Dithmenos.
  2345 | D:3      | Found a shattered altar of Ashenzari.
  2355 | D:3      | Found an iron altar of Okawaru.
  2357 | D:3      | Became a worshipper of Ashenzari the Shackled
  2368 | D:3      | Found a glowing golden altar of the Shining One.
  2369 | D:3      | Found a shimmering altar of Xom.
  2696 | D:3      | Reached XP level 5. HP: 28/41 MP: 8/8
  3127 | D:4      | Reached skill level 4 in Axes
  3575 | D:4      | Found a snail-covered altar of Cheibriados.
  3872 | D:4      | Reached XP level 6. HP: 23/48 MP: 9/9
  3897 | D:4      | HP: 3/72 [something/magic dart (4)]
  3902 | D:4      | HP: 3/72 [something (1)]
  4852 | D:5      | Entered Level 5 of the Dungeon
  5331 | D:5      | Reached skill level 5 in Axes
  5331 | D:5      | Your scales start taking on a weird mottled colour.
  5331 | D:5      | Reached XP level 7. HP: 16/55 MP: 10/10
  5346 | D:5      | Gained mutation: Your flesh is heat resistant. (rF+) [potion of mutation]
  5346 | D:5      | Gained mutation: You are robust. (+10% HP) [potion of mutation]
  5346 | D:5      | Gained mutation: You evolve. [potion of mutation]
  5349 | D:5      | HP: 3/60 [orc/flail (3)]
  5351 | D:5      | Slain by an orc

Vault maps used:
D:1:      minmay_arrival_arboretum_small
D:2:      lemuel_zombie_altar_kikubaaqudgha
D:3:      chequers_temple_overflow_minitemple, minmay_misc_feat_roman
D:4:      kennysheep_slug_shrine, first_bread, chequers_big_river
D:5:      lemuel_doored_altar

Skill      XL: |  1  2  3  4  5  6 |
---------------+-------------------+-----
Axes           | 3 4 5 |  5.0
Dodging        | 2 |  2.0
Charms         | 3 4 |  4.6
Shields        | 1 2 3 |  3.8
Fighting       | |  2.1
Spellcasting   | |  2.0

Action                   |  1- 3 |  4- 6 |  7- 9 || total
-------------------------+-------+-------+-------++-------
Melee: Hand axe          |   185 |    74 |       ||   259
       Tailslap          |    14 |    21 |       ||    35
       War axe           |       |   112 |     5 ||   117
       Short sword       |       |     8 |       ||     8
Evoke: Wand              |       |     3 |     1 ||     4
  Use: Potion            |     1 |     5 |     2 ||     8
       Scroll            |       |     7 |     1 ||     8
  Eat: Chunk             |     1 |     5 |       ||     6
       Fruit             |       |     3 |       ||     3
       Pizza             |       |     4 |       ||     4
Armor: Skin              |   113 |   151 |       ||   264
Dodge: Dodged            |   169 |   201 |     2 ||   372
